 Dungeon Crawl Stone Soup version 0.21.1-1-g345015fe64 (webtiles) character file.

171160 Gargoyl the Agent of Entropy (level 17, 0/146 HPs)
             Began as a Centaur Abyssal Knight on Feb 6, 2018.
             Was a Priest of Lugonu.
             Killed from afar by a titan (49 damage)
             ... with a bolt of lightning
             ... on level 2 of the Depths.
             The game lasted 01:14:02 (50787 turns).

Gargoyl the Agent of Entropy (CeAK)                Turns: 50787, Time: 01:14:03

Health: 0/146      AC: 32    Str: 23    XL:     17   Next: 38%
Magic:  28/28      EV:  2    Int: 10    God:    Lugonu [***...]
Gold:   741        SH: 11    Dex: 14    Spells: 16/16 levels left

rFire    + + .     SeeInvis +   J - +8 broad axe (elec)
rCold    + + +     Gourm    .   V - +2 shield of Resistance {rF+ rC+ MR+}
rNeg     + . .     Faith    .   Q - +1 plate armour
rPois    +         Spirit   .   u - +2 helmet {SInv}
rElec    .         Reflect  .   G - +2 ratskin cloak {+Rats rPois rN+ Str-1 Int-1 Dex+1}
rCorr    .         Harm     .   (no gloves)
MR       ++...                  I - +4 centaur barding {rC+}
Stlth    ..........             (no amulet)
HPRegen  0.34/turn              C - +4 ring of strength
MPRegen  0.21/turn              f - ring "Siofec" {rF+ rC+}

@: drained, very quick
A: large, hooves 3, thin skeletal structure 1, deformed body, speed 2, tough
skin 3, wild magic 1
a: Depart the Abyss, Bend Space, Banish, Renounce Religion, Evoke Ratskin


You were on level 2 of the Depths.
You worshipped Lugonu.
Lugonu was most pleased with you.
You were hungry.

You visited 4 branches of the dungeon, and saw 25 of its levels.
You visited the Abyss 2 times.
You also visited: Volcano.

You collected 2573 gold pieces.
You spent 1832 gold pieces at shops.

Inventory:

Hand Weapons
 a - a +4 hand axe of venom
 J - a +8 broad axe of electrocution (weapon)
 K - a cursed +0 broad axe
Missiles
 B - 36 javelins (quivered)
Armour
 u - a +2 helmet of see invisible (worn)
 G - the +2 ratskin cloak (worn) {+Rats rPois rN+ Str-1 Int-1 Dex+1}
   (You acquired it on level 4 of the Lair of Beasts)

   It affects your strength (-1).
   It affects your intelligence (-1).
   It affects your dexterity (+1).
   It protects you from poison.
   It protects you from negative energy.
 I - a +4 centaur barding of cold resistance (worn)
 Q - a +1 plate armour (worn)
 V - the +2 shield of Resistance (worn) {rF+ rC+ MR+}
   (You acquired it on level 2 of the Orcish Mines)

   It protects you from fire.
   It protects you from cold.
   It affects your resistance to hostile enchantments.
Jewellery
 f - the ring "Siofec" (right hand) {rF+ rC+}
   (You bought it in a shop on level 2 of the Orcish Mines)

   [ring of protection from fire]

   It protects you from fire.
   It protects you from cold.
 r - an uncursed ring of flight
 C - a +4 ring of strength (left hand)
 H - an uncursed ring of resist corrosion
 L - a +2 ring of evasion {unknown}
Wands
 h - a wand of digging (14)
 p - a wand of iceblast (47)
 q - a wand of polymorph (39)
 w - a wand of disintegration (40)
 y - a wand of enslavement (14)
 D - a wand of acid (7)
 O - a wand of random effects (56)
 P - a wand of flame (37)
Scrolls
 b - 12 scrolls of teleportation
 d - 7 scrolls of identify
 o - 15 scrolls of remove curse
 x - 3 scrolls of fear
 A - 6 scrolls of magic mapping
 E - 7 scrolls of fog
 F - a scroll of blinking
Potions
 e - 3 potions of invisibility
 j - 2 potions of magic
 k - 5 potions of flight
 l - 7 potions of lignification
 m - 5 potions of curing
 n - a potion of brilliance
 t - a potion of haste
 v - 2 potions of resistance
 z - 2 potions of ambrosia
Books
 g - a book of Misfortune

   Spells                             Type                      Level
   a - Confusing Touch                Hexes                        1
   b - Confuse                        Hexes                        3
   c - Gell's Gravitas                Translocation                3
   d - Petrify                        Transmutation/Earth          4
   e - Metabolic Englaciation         Hexes/Ice                    5
   f - Yara's Violent Unravelling     Hexes/Transmutation          5
 s - a book of Minor Magic

   Spells                             Type                      Level
   a - Magic Dart                     Conjuration                  1
   b - Blink                          Translocation                2
   c - Call Imp                       Summoning                    2
   d - Slow                           Hexes                        2
   e - Conjure Flame                  Conjuration/Fire             3
   f - Mephitic Cloud                 Conjuration/Poison/Air       3
 M - a book of Cantrips

   Spells                             Type                      Level
   a - Confusing Touch                Hexes                        1
   b - Animate Skeleton               Necromancy                   1
   c - Summon Small Mammal            Summoning                    1
   d - Apportation                    Translocation                1
 N - a book of Maledictions

   Spells                             Type                      Level
   a - Corona                         Hexes                        1
   b - Ensorcelled Hibernation        Hexes/Ice                    2
   c - Confuse                        Hexes                        3
   d - Tukima's Dance                 Hexes                        3
   e - Dazzling Spray                 Conjuration/Hexes            3
Comestibles
 c - 25 rations


   Skills:
 + Level 11.7(10.6) Fighting
 + Level 15.5(14.3) Axes
 + Level 3.0(2.2) Throwing
 * Level 14.1(12.9) Armour
 + Level 3.2(2.3) Dodging
 + Level 3.7(2.8) Shields
 * Level 15.7(14.4) Invocations
 + Level 1.0(0.2) Evocations


You had 16 spell levels left.
You didn't know any spells.

Dungeon Overview and Level Annotations

Branches:
Dungeon (15/15)            Temple (0/1) D:4            Lair (6/6) D:8
  Swamp (0/4) Lair:4        Snake (0/4) Lair:3        Slime (0/5) Lair:6
    Orc (2/2) D:10            Elf (0/3) Orc:2        Vaults (0/5) D:13
 Depths (2/5) D:15

Altars:
Dithmenos
Elyvilon
Fedhas
Hepliaklqana
Nemelex Xobeh
Qazlal
Sif Muna
Vehumet
Xom
The Shining One

Shops:
D:4 [?=   D:11 }   D:12 (   Orc:1 :   Orc:2 ?=**

Portals:
Hell: Depths:1 Depths:2
Pandemonium: Depths:1

Annotations:
Orc:1 Donald
Abyss:1 Bai Suzhen


Innate Abilities, Weirdness & Mutations

You have hooves in place of feet.
Armour fits poorly on your strangely shaped body.
You cover ground very quickly.
You have extremely tough skin. (AC +3)
You have a somewhat thin skeletal structure. (Dex +2, Stealth)
Your spells are a little harder to cast, but a little more powerful.


Message History

The titan casts a spell at you. The bolt of lightning hits you!
You hit the titan but do no damage. You kick the titan.
The titan is heavily wounded.
The titan waves its arms in wide circles.
The air twists around and strikes you!
You slice the titan!! You kick the titan!
The titan is almost dead.
The titan casts a spell.
The titan is healed somewhat.
Your plate armour prevents you from hitting the titan.
You kick the titan, but do no damage.
The titan is severely wounded.
The titan hits you but does no damage.
You are feeling hungry.
You slash the titan! You kick the titan, but do no damage.
The titan is severely wounded.
The titan gestures at you while chanting.
The bolt of lightning hits you!
You die...

#.##.# ##....# # .. ##.#.#
...##.##...#.#.#... #.#.#
..##.c......#.#... #.#.#
..##.#............ #.#J# ..#
##.....#.#...
#.#J#####'#....#c..(..+ ..
#.##.#....####.##T....#...
.#)#.#...C# #.##..(..#..!
#######.#...@# #.# #.T......
#.....#.#....# ##.##C..T...##
.....####.#.####'#
#........###.#
######....#..#...#
#..##.#...# #
......######'#...###..##....#
#######......#)..#'...#..#..#
#.....#...((.###'#..........#
#.....#...().....).....#.##.#
#.....#..(......(.#...#.# #.#


You could see a titan.

Vanquished Creatures
  the Enchantress (Depths:1)
  Agnes (D:14)
  2 frost giants (Depths:2)
  5 fire giants
  6 stone giants
  3 spriggan defenders
  A spark wasp (Depths:2)
  6 ettins
  A merfolk javelineer (Depths:2)
  Josephine (D:14)
  Snorg (Lair:3)
  2 minotaurs (D:13)
  2 great orbs of eyes (Depths:2)
  3 rakshasas
  3 ice dragons
  9 centaur warriors
  4 catoblepae
  5 spriggan air magi
  5 ogre magi
  22 two-headed ogres
  2 dancing weapons (D:13)
  4 tengu warriors
  18 death yaks
  3 deep troll earth magi
  A deep troll shaman (Depths:2)
  Urug (D:14)
  A soul eater (Depths:1)
  Sonja (Orc:2)
  The ghost of Noxor the Jinx, a journeyman VSEn of Hepliaklqana (D:11)
  A sun demon (Depths:1)
  An iron troll (Depths:1)
  A golden dragon zombie (Depths:1)
  2 unseen horrors
  A torturous demonspawn (Depths:1)
  2 deep trolls (Orc:2)
  A lindwurm (Lair:6)
  A wizard (Depths:1)
  A glowing orange brain (Depths:2)
  2 orc knights
  Pikel (D:8)
  3 necromancers
  A worldbinder (Abyss:1)
  16 ugly things
  2 deep elf magi (D:14)
  A tengu skeleton (Depths:1)
  A manticore (D:13)
  2 orc sorcerers
  3 cyclopes
  6 centaur zombies
  An elephant (Lair:6)
  Maurice (D:10)
  A black mamba (Lair:4)
  A smoke demon (Abyss:1)
  Psyche (D:8)
  A gargoyle (D:11)
  2 rime drakes
  6 spiny frogs
  A hellion (Depths:1)
  An ancient zyme (Abyss:1)
  22 yaktaurs
  9 komodo dragons
  A hellwing (Depths:1)
  3 tengu conjurers
  A red devil (Depths:1)
  3 meliai (D:14)
  3 polar bears
  13 trolls
  2 hornets
  3 hippogriffs
  5 blink frogs
  25 slime creatures
  9 dream sheep
  A large abomination (Abyss:1)
  3 spriggans
  A fire giant simulacrum (Depths:1)
  3 shadows
  A vampire (D:13)
  64 yaks
  4 water elementals
  2 wyverns
  6 wraiths
  Grum (D:8)
  A steam dragon (D:12)
  2 basilisks
  A hungry ghost (D:10)
  A golden eye (shapeshifter) (Depths:2)
  A hog (D:7)
  5 vampire mosquitoes
  Menkaure (D:5)
  A spriggan simulacrum (Depths:1)
  3 wargs
  12 water moccasins
  A floating eye (Depths:1)
  2 porcupines
  7 orc warriors
  4 ice beasts
  2 sky beasts
  5 black bears
  2 necrophages
  33 ogres
  11 wolves
  3 phantoms
  12 centaurs
  14 crocodiles
  4 boggarts
  Blork the orc (D:5)
  12 bullfrogs
  2 big kobolds
  3 wyvern skeletons
  3 scorpions
  6 killer bees (D:10)
  17 wights
  A small abomination (Abyss:2)
  8 electric eels
  2 jellies
  3 howler monkeys
  2 crimson imps
  6 hounds
  2 quasits (Depths:1)
  13 orc priests
  4 bullfrog skeletons
  19 orc wizards
  5 centaur skeletons
  7 iguanas
  An iron imp (Depths:1)
  3 polar bear simulacra (Lair:5)
  2 yak simulacra (Lair:5)
  A statue (D:9)
  11 worker ants
  3 wolf simulacra (Lair:5)
  2 killer bee zombies (D:8)
  2 hound zombies
  14 gnolls
  A howler monkey skeleton (D:9)
  10 adders
  3 shadow imps
  2 white imps
  An ufetubus (Depths:1)
  2 oozes
  An adder skeleton (D:6)
  5 leopard geckos
  49 orcs
  3 ball pythons
  A giant cockroach (D:2)
  5 goblins
  10 hobgoblins
  14 jackals
  19 kobolds
  A quokka (D:11)
  2 bats
  15 frilled lizards
  A leopard gecko skeleton (D:5)
  A leopard gecko zombie (D:8)
  A quokka skeleton (D:6)
  A quokka zombie (D:5)
  9 rats
  3 river rat simulacra (Lair:5)
  3 fungi (Lair:6)
  2 plants (Lair:6)
813 creatures vanquished.

Vanquished Creatures (others)
  A frost giant (D:15)
  4 spark wasps (Depths:2)
  5 hydras
  2 manticores (Lair:6)
  A cyclops (D:14)
  A black mamba (Lair:1)
  A spiny frog (Lair:3)
  A yaktaur (D:13)
  A polar bear (Lair:3)
  2 nagas (Lair:3)
  A water moccasin (Lair:3)
  2 slaves (D:8)
  2 crocodiles (Lair:3)
  An orc priest (Orc:1)
  2 bushes (Lair:6)
  28 fungi
  115 plants
170 creatures vanquished.

Grand Total: 983 creatures vanquished

Notes
Turn   | Place    | Note
-------+----------+-------------------------------------------
     0 | Abyss:1  | Gargoyl the Centaur Abyssal Knight began the quest for the Orb.
     0 | Abyss:1  | Reached XP level 1. HP: 19/19 MP: 2/2
   102 | Abyss:2  | Found a corrupted altar of Lugonu.
   105 | Abyss:2  | Noticed an ice devil
   145 | Abyss:2  | Noticed a small abomination
   148 | Abyss:2  | Killed a small abomination
   148 | Abyss:2  | Reached XP level 2. HP: 27/27 MP: 3/3
   148 | Abyss:2  | Reached XP level 3. HP: 33/33 MP: 4/4
   154 | Abyss:2  | Found a corrupted altar of Lugonu.
   187 | Abyss:2  | Noticed a thrashing horror
   190 | D:1      | Escaped the Abyss
   671 | D:1      | Reached * piety under Lugonu
   880 | D:1      | Reached XP level 4. HP: 38/40 MP: 5/5
  1796 | D:2      | Reached ** piety under Lugonu
  2703 | D:3      | Reached XP level 5. HP: 46/46 MP: 7/7
  3022 | D:4      | Found Ifakois's Jewellery Shop.
  3257 | D:4      | Found a staircase to the Ecumenical Temple.
  3285 | D:4      | Found a hazy altar of Hepliaklqana.
  3358 | D:4      | Found Gicuho Gung's Magic Scroll Shop.
  3408 | D:4      | Reached XP level 6. HP: 52/52 MP: 8/8
  3432 | D:4      | Found a white marble altar of Elyvilon.
  3438 | D:4      | Found a deep blue altar of Sif Muna.
  3602 | D:4      | Reached skill level 1 in Dodging
  3684 | D:4      | Found Busa's Antique Armour Shoppe.
  4099 | D:4      | Reached *** piety under Lugonu
  4183 | D:5      | Entered Level 5 of the Dungeon
  4346 | D:5      | Reached XP level 7. HP: 35/60 MP: 10/10
  4763 | D:4      | Bought a scroll of brand weapon for 260 gold pieces
  5034 | D:5      | Noticed Blork the orc
  5044 | D:5      | Killed Blork the orc
  5170 | D:5      | Noticed Menkaure
  5183 | D:5      | Killed Menkaure
  5658 | D:6      | Gained mutation: You are somewhat resistant to further mutation. [potion of mutation]
  5658 | D:6      | Gained mutation: You have a somewhat thin skeletal structure. (Dex +2, Stealth) [potion of mutation]
  5659 | D:6      | Lost mutation: You have a somewhat thin skeletal structure. (Dex +2, Stealth) [potion of mutation]
  5659 | D:6      | Gained mutation: Your muscles are strong. (Str +2) [potion of mutation]
  5686 | D:6      | Reached skill level 5 in Axes
  5686 | D:6      | Reached XP level 8. HP: 52/67 MP: 11/11
  5709 | D:6      | Lost mutation: You are somewhat resistant to further mutation. [potion of mutation]
  5709 | D:6      | Lost mutation: Your muscles are strong. (Str +2) [potion of mutation]
  5709 | D:6      | Gained mutation: You have a somewhat thin skeletal structure. (Dex +2, Stealth) [potion of mutation]
  5709 | D:6      | Gained mutation: Your spells are a little harder to cast, but a little more powerful. [potion of mutation]
  5961 | D:6      | Reached skill level 5 in Invocations
  6054 | D:6      | Reached skill level 5 in Armour
  6423 | D:6      | Reached skill level 5 in Fighting
  6438 | D:6      | Reached **** piety under Lugonu
  7268 | D:7      | Found a glowing golden altar of the Shining One.
  7813 | D:7      | Reached XP level 9. HP: 24/74 MP: 13/13
  8424 | D:8      | Found a glowing golden altar of the Shining One.
  8424 | D:8      | Found a shimmering altar of Xom.
  8432 | D:8      | Found a stormy altar of Qazlal.
  8437 | D:8      | Found a shadowy altar of Dithmenos.
  8438 | D:8      | Found a blossoming altar of Fedhas.
  8601 | D:8      | Noticed Psyche
  8607 | D:8      | Paralysed by Psyche for 7 turns
  8925 | D:8      | Killed Psyche
  9198 | D:8      | Noticed Grum
  9214 | D:8      | Killed Grum
  9214 | D:8      | Reached skill level 1 in Throwing
  9294 | D:8      | Noticed Pikel
  9307 | D:8      | Killed Pikel
  9364 | D:8      | Noticed a komodo dragon
  9399 | D:8      | Killed a komodo dragon
  9399 | D:8      | Reached XP level 10. HP: 18/83 MP: 15/15
  9962 | D:8      | Found a staircase to the Lair.
  9997 | D:8      | Found a huge runed gate.
  9998 | D:8      | Found a huge runed gate.
  9998 | D:8      | Found a huge runed gate.
  9998 | D:8      | Found a huge runed gate.
 11177 | Lair:1   | Entered Level 1 of the Lair of Beasts
 11353 | Lair:1   | Noticed a black mamba
 11353 | Lair:1   | Banished a black mamba
 12175 | Lair:1   | Reached XP level 11. HP: 81/89 MP: 17/17
 15322 | Lair:3   | Noticed Snorg
 15324 | Lair:3   | HP: 2/91 [yak (10)]
 16088 | Lair:3   | Killed Snorg
 16475 | Lair:3   | Found a staircase to the Snake Pit.
 16594 | Lair:4   | Found a dark tunnel.
 16602 | Volcano  | Entered a volcano
 16904 | Lair:4   | HP: 1/91 [komodo dragon (12)]
 17332 | Lair:4   | Reached skill level 10 in Invocations
 17514 | Lair:4   | Reached skill level 10 in Armour
 17691 | Lair:4   | Reached XP level 12. HP: 78/100 MP: 19/19
 18117 | Lair:4   | Found a staircase to the Swamp.
 18832 | Lair:4   | Identified 3 scrolls of acquirement
 18842 | Lair:4   | Found the +2 ratskin cloak {+Rats rPois rN+ Str-1 Int-1 Dex+1}
 19957 | Lair:5   | Noticed an eight-headed hydra
 20090 | Lair:5   | Banished an eight-headed hydra
 20548 | Lair:5   | Reached skill level 1 in Evocations
 21295 | Lair:6   | Entered Level 6 of the Lair of Beasts
 21574 | Lair:6   | Noticed a four-headed hydra
 21585 | Lair:6   | Banished a four-headed hydra
 22229 | Lair:6   | Noticed a death yak
 22255 | Lair:6   | Killed a death yak
 22255 | Lair:6   | Reached skill level 10 in Axes
 22259 | Lair:6   | Noticed a death yak
 22259 | Lair:6   | Noticed a death yak
 22261 | Lair:6   | Noticed a death yak
 22261 | Lair:6   | Noticed a death yak
 22262 | Lair:6   | Noticed a death yak
 22262 | Lair:6   | Noticed a death yak
 22264 | Lair:6   | Noticed a death yak
 22275 | Lair:6   | Noticed a death yak
 22277 | Lair:6   | Noticed a death yak
 22458 | Lair:5   | Killed a death yak
 22705 | Lair:5   | Killed a death yak
 22709 | Lair:5   | Killed a death yak
 22921 | Lair:6   | Noticed a death yak
 22932 | Lair:6   | Killed a death yak
 22932 | Lair:6   | Reached XP level 13. HP: 86/107 MP: 21/21
 23916 | Lair:6   | HP: 3/108 [death yak (14)]
 25001 | Lair:6   | Found a staircase to the Slime Pits.
 26033 | D:9      | Found a radiant altar of Vehumet.
 26201 | D:9      | Reached ***** piety under Lugonu
 26364 | D:10     | Entered Level 10 of the Dungeon
 26429 | D:10     | Noticed Maurice
 26453 | D:10     | Killed Maurice
 26689 | D:10     | Found a staircase to the Orcish Mines.
 27506 | D:11     | Found Doiw's Gadget Boutique.
 28007 | D:11     | Noticed Noxor's ghost (journeyman VSEn)
 28018 | D:11     | Killed Noxor's ghost
 28078 | D:11     | Reached XP level 14. HP: 116/116 MP: 23/23
 29146 | D:12     | Found Hadgha Xuiz's Antique Weapon Emporium.
 30312 | D:13     | Found a gate to the Vaults.
 30655 | D:13     | Reached ****** piety under Lugonu
 33211 | D:14     | Found a blossoming altar of Fedhas.
 33331 | D:14     | Noticed Josephine
 33343 | D:14     | Killed Josephine
 33624 | D:14     | Noticed Urug
 33635 | D:14     | Killed Urug
 34283 | D:14     | Noticed Agnes
 34293 | D:14     | Killed Agnes
 34293 | D:14     | Reached XP level 15. HP: 90/126 MP: 24/24
 34510 | D:15     | Entered Level 15 of the Dungeon
 34661 | D:15     | Found a staircase to the Depths.
 34661 | D:15     | Noticed a fire giant
 34734 | D:15     | Killed a fire giant
 34734 | D:15     | Reached skill level 10 in Fighting
 36676 | Orc:1    | Entered Level 1 of the Orcish Mines
 36728 | Orc:1    | Found Dogei's Book Emporium.
 36914 | Orc:2    | Entered Level 2 of the Orcish Mines
 36915 | Orc:2    | Found a staircase to the Elven Halls.
 36915 | Orc:2    | Noticed Donald
 37807 | Orc:2    | Noticed Sonja
 37814 | Orc:2    | Killed Sonja
 38662 | Orc:2    | Found Jehaxkeu's Jewellery Boutique.
 38663 | Orc:2    | Found Amol's Magic Scroll Shop.
 38826 | Orc:2    | Reached skill level 1 in Shields
 39734 | Orc:2    | Found Uthriepa's General Store.
 39743 | Orc:2    | Found Ifo Puuw's Assorted Antiques.
 39865 | Orc:2    | Bought the ring "Siofec" {rF+ rC+} for 663 gold pieces
 39872 | Orc:2    | Bought a scroll of enchant armour for 97 gold pieces
 39872 | Orc:2    | Bought a scroll of enchant weapon for 97 gold pieces
 39872 | Orc:2    | Bought a scroll of acquirement for 676 gold pieces
 39872 | Orc:2    | Bought a scroll of teleportation for 39 gold pieces
 39873 | Orc:2    | Found the +2 shield of Resistance {rF+ rC+ MR+}
 40087 | Depths:1 | Entered Level 1 of the Depths
 40109 | Depths:1 | Found a sparkling altar of Nemelex Xobeh.
 40518 | Depths:1 | Noticed a frost giant
 40528 | Depths:1 | Noticed Bai Suzhen
 41031 | D:15     | Banished a frost giant
 41033 | D:15     | Banished Bai Suzhen
 41033 | D:15     | Reached XP level 16. HP: 81/136 MP: 5/26
 41834 | Depths:1 | Found a gateway to Hell.
 42752 | Depths:1 | Found a one-way gate leading to the halls of Pandemonium.
 43584 | Depths:1 | Escaped the Abyss
 44705 | Depths:1 | Reached skill level 15 in Axes
 45183 | Depths:2 | HP: 6/137 [spark wasp (15)]
 46297 | Depths:2 | Paralysed by a floating eye for 2 turns
 46383 | Depths:2 | Paralysed by a floating eye for 4 turns
 46980 | Depths:2 | Reached skill level 15 in Invocations
 47004 | Depths:2 | Noticed the Enchantress
 47077 | Depths:1 | Killed the Enchantress
 47396 | Depths:1 | Reached XP level 17. HP: 74/144 MP: 28/28
 50776 | Depths:2 | Noticed a titan
 50787 | Depths:2 | Killed from afar by a titan

Skill      XL: |  1  2  3  4  5  6  7  8  9 10 11 12 13 14 15 16 17 |
---------------+----------------------------------------------------+-----
Axes           | 2 3 4 5 6 7 8 10 11 13 14 15 | 15.5
Fighting       | 4 5 6 7 8 9 10 11 | 11.7
Armour         | 2 4 5 7 8 10 11 12 13 14 | 14.1
Invocations    | 3 4 5 7 8 10 11 12 13 14 15 | 15.7
Dodging        | 1 2 3 |  3.2
Throwing       | 1 2 3 |  3.0
Evocations     | 1 |  1.0
Shields        | 1 3 |  3.7

Action                   |  1- 3 |  4- 6 |  7- 9 | 10-12 | 13-15 | 16-18 || total
-------------------------+-------+-------+-------+-------+-------+-------++-------
Melee: Hand axe          |    69 |   189 |   312 |   413 |       |     6 ||   989
       Kick              |     9 |    39 |    83 |   181 |   366 |   215 ||   893
       Broad axe         |       |       |       |   146 |  1015 |   533 ||  1694
Throw: Javelin           |       |     5 |    11 |    33 |    15 |     1 ||    65
Invok: Depart the Abyss  |     1 |       |       |       |       |     1 ||     2
       Banish            |       |       |       |    14 |    18 |    15 ||    47
       Bend Space        |       |       |       |     4 |     2 |     1 ||     7
       Enter the Abyss   |       |       |       |       |       |     1 ||     1
 Abil: Evoke Ratskin     |       |       |       |     2 |       |       ||     2
Evoke: Wand              |       |     2 |     3 |     5 |       |     1 ||    11
  Use: Scroll            |     5 |    11 |     7 |    16 |    19 |       ||    58
       Potion            |     1 |       |     5 |     5 |     8 |     6 ||    25
  Eat: Chunk             |       |     8 |    11 |    21 |    37 |    14 ||    91
       Ration            |       |       |     1 |     7 |     5 |     6 ||    19
Armor: Ring mail         |    12 |    70 |       |       |       |       ||    82
       Leather armour    |    10 |       |       |       |       |       ||    10
       Chain mail        |       |    65 |   210 |   434 |   299 |       ||  1008
       Plate armour      |       |       |       |       |   656 |   415 ||  1071
Dodge: Dodged            |    26 |    77 |    62 |   182 |   216 |    48 ||   611
Block: Buckler           |       |       |       |       |    88 |       ||    88
       Shield            |       |       |       |       |    41 |   287 ||   328
